 Dungeon Crawl Stone Soup version 0.28.0-53-g5a82cb258f (webtiles) character file.

Game seed: 14148094542711342282

108 MisterFreud the Covert (level 4, -5/41 HPs)
             Began as a Gnoll Delver on June 1, 2022.
             Slain by a water moccasin (6 damage)
             ... on level 7 of the Dungeon.
             The game lasted 00:02:02 (482 turns).

MisterFreud the Covert (Gnoll Delver)                Turns: 482, Time: 00:02:03

Health: -5/41      AC:  3    Str:  9 (11) XL:     4   Next: 87%
Magic:  5/5        EV: 12    Int:  8 (10) God:
Gold:   16         SH:  0    Dex: 12 (13) Spells: 5/5 levels left

rFire   . . .      SeeInvis .   a - +0 short sword
rCold   . . .      Faith    .   (no shield)
rNeg    . . .      Spirit   .   b - +0 leather armour
rPois   .          Reflect  .   (no helmet)
rElec   .          Harm     .   (no cloak)
rCorr   .          Rampage  .   (no gloves)
Will    .....                   (no boots)
Stlth   ++++......              (no amulet)
HPRegen 0.13/turn               (no ring)
MPRegen 0.09/turn               (no ring)

@: lethally poisoned (-5 -> -14), flying
A: fangs 1, strong nose, distributed training, hooves 1, dopey 1, evolution 1
a: no special abilities


You were on level 7 of the Dungeon.
You visited 1 branch of the dungeon, and saw 4 of its levels.

You collected 16 gold pieces.

Inventory:

Hand Weapons
 a - a +0 short sword (weapon)
Armour
 b - a +0 leather armour (worn)
Wands
 g - a wand of digging (3)
Potions
 f - a potion of haste


   Skills:
 + Level 6.6 Fighting
 + Level 4.7 Short Blades
 + Level 1.2 Long Blades
 + Level 1.2 Axes
 + Level 1.2 Maces & Flails
 + Level 1.2 Polearms
 + Level 1.2 Staves
 + Level 1.2 Slings
 + Level 1.2 Bows
 + Level 1.2 Crossbows
 + Level 1.2 Throwing
 + Level 1.2 Armour
 + Level 4.7 Dodging
 + Level 9.6 Stealth
 + Level 1.2 Shields
 + Level 1.2 Unarmed Combat
 + Level 1.2 Spellcasting
 + Level 1.0 Conjurations
 + Level 1.0 Hexes
 + Level 1.0 Summonings
 + Level 1.0 Necromancy
 + Level 1.0 Translocations
 + Level 1.0 Transmutations
 + Level 1.0 Fire Magic
 + Level 1.0 Ice Magic
 + Level 1.0 Air Magic
 + Level 1.0 Earth Magic
 + Level 1.0 Poison Magic
 + Level 1.4 Invocations
 + Level 1.2 Evocations


You had 5 spell levels left.
You didn't know any spells.
Your spell library was empty.

Dungeon Overview and Level Annotations

Branches:
Dungeon (7/15)
 Temple: D:4-7

Altars:

Annotations:
D:6 Duvessa


Innate Abilities, Weirdness & Mutations

You have very sharp teeth.
Your uncanny sense of smell can sniff out nearby items.
Your experience applies equally to all skills.
You have large cloven feet.
You are dopey. (Int -2)
You have hidden genetic potential.


Message History

You feel very sick. The water moccasin closely misses you.
It was a potion of flight.
You feel very buoyant.
You fly up into the air.
You feel sick. The water moccasin bites you!
It was a potion of mutation.
You feel extremely strange.
You feel stupid.
Your feet thicken and deform.
You feel a hidden potential growing inside you.
You feel sick. The water moccasin closely misses you.
The water moccasin barely misses you.
Unknown command.
It was a potion of degeneration.
There was something very wrong with that liquid.
You feel weakened.
You feel dopey.
You feel clumsy.
You feel sick. The water moccasin bites you.
You hit the water moccasin but do no damage.
Your kick misses the water moccasin.
You feel sick. The water moccasin barely misses you.
You hit the water moccasin but do no damage.
You feel sick. The water moccasin closely misses you.
The water moccasin bites you.
* * * LOW HITPOINT WARNING * * *
You are lethally poisoned!
The water moccasin poisons you!
Okay, then.
Unknown command.
As you read the scroll of fog, it crumbles to dust.
The scroll dissolves into smoke.
* * * LOW HITPOINT WARNING * * *
You feel very sick. The water moccasin misses you.
* * * LOW HITPOINT WARNING * * *
You feel very sick.
The water moccasin bites you but does no damage.
You miss the water moccasin.
You kick the water moccasin, but do no damage.
* * * LOW HITPOINT WARNING * * *
You feel very sick. The water moccasin closely misses you.
The water moccasin bites you.
You die...

#...#####
##..##..#
#...##..#
#...#...#
#...#...#
#...+...#
#####§§##..#
##§§##§§##..#
#.§§§@.§##..#
#..§§S§§##..##
#########§§.....#
#..##..##..##..##
#......##..#####
#..........##
#..######...#
#..##..##..##
#......##..#


You could see a water moccasin.

Vanquished Creatures
  An ice beast (D:7)
  An adder (D:7)
  An orc (D:4)
  A quokka (D:4)
  A ball python (D:4)
5 creatures vanquished.

Notes
Turn   | Place    | Note
-------+----------+-------------------------------------------
     0 | D:5      | Reached skill level 9 in Stealth
     0 | D:5      | MisterFreud the Gnoll Delver began the quest for the Orb.
     0 | D:5      | Reached XP level 1. HP: 23/23 MP: 1/1
     7 | D:6      | Noticed Duvessa
   134 | D:4      | You fall into a shaft and drop 2 floors!
   160 | D:6      | Noticed a howler monkey
   204 | D:6      | Noticed a black bear
   205 | D:6      | Noticed a centaur
   221 | D:7      | Reached XP level 2. HP: 9/29 MP: 2/2
   222 | D:7      | Noticed a howler monkey
   222 | D:7      | Noticed a water moccasin
   234 | D:7      | Noticed an ice beast
   240 | D:7      | Killed an ice beast
   241 | D:7      | Reached skill level 1 in Long Blades
   241 | D:7      | Reached skill level 1 in Axes
   241 | D:7      | Reached skill level 1 in Maces & Flails
   241 | D:7      | Reached skill level 1 in Polearms
   241 | D:7      | Reached skill level 1 in Staves
   241 | D:7      | Reached skill level 1 in Slings
   241 | D:7      | Reached skill level 1 in Bows
   241 | D:7      | Reached skill level 1 in Crossbows
   241 | D:7      | Reached skill level 1 in Throwing
   241 | D:7      | Reached skill level 1 in Armour
   241 | D:7      | Reached skill level 1 in Shields
   241 | D:7      | Reached skill level 1 in Unarmed Combat
   241 | D:7      | Reached skill level 1 in Spellcasting
   241 | D:7      | Reached skill level 1 in Conjurations
   241 | D:7      | Reached skill level 1 in Hexes
   241 | D:7      | Reached skill level 1 in Summonings
   241 | D:7      | Reached skill level 1 in Necromancy
   241 | D:7      | Reached skill level 1 in Translocations
   241 | D:7      | Reached skill level 1 in Transmutations
   241 | D:7      | Reached skill level 1 in Fire Magic
   241 | D:7      | Reached skill level 1 in Ice Magic
   241 | D:7      | Reached skill level 1 in Air Magic
   241 | D:7      | Reached skill level 1 in Earth Magic
   241 | D:7      | Reached skill level 1 in Poison Magic
   241 | D:7      | Reached skill level 1 in Invocations
   241 | D:7      | Reached skill level 1 in Evocations
   241 | D:7      | Reached XP level 3. HP: 11/35 MP: 2/4
   241 | D:7      | Reached XP level 4. HP: 13/41 MP: 2/5
   476 | D:7      | Gained mutation: You are dopey. (Int -2) [potion of
                  | mutation]
   476 | D:7      | Gained mutation: You have large cloven feet. [potion of
                  | mutation]
   476 | D:7      | Gained mutation: You have hidden genetic potential. [potion
                  | of mutation]
   482 | D:7      | HP: 1/41 [poisoned by a water moccasin]
   482 | D:7      | Slain by a water moccasin

Illustrated notes

Levels and vault maps discovered:
D:4:      layout_rooms, enter_ossuary_2, glass_columns_b, kennysheep_flooded_box
D:5:      layout_loops_corners, uniq_eustachio
D:6:      minmay_skewed_foursquare, layout_rooms, uniq_duvessa
D:7:      layout_gridville, nicolae_elyvilon_temple_path,
          minmay_temple_entry_glass, ebering_ghost_disaster_area, uniq_menkaure,
          uniq_maggie

Skill      XL: |  1  2 |
---------------+-------+-----
Stealth        | |  9.6
Long Blades    | 1 |  1.2
Axes           | 1 |  1.2
Maces & Flails | 1 |  1.2
Polearms       | 1 |  1.2
Staves         | 1 |  1.2
Slings         | 1 |  1.2
Bows           | 1 |  1.2
Crossbows      | 1 |  1.2
Throwing       | 1 |  1.2
Armour         | 1 |  1.2
Shields        | 1 |  1.2
Unarmed Combat | 1 |  1.2
Spellcasting   | 1 |  1.2
Conjurations   | 1 |  1.0
Hexes          | 1 |  1.0
Summonings     | 1 |  1.0
Necromancy     | 1 |  1.0
Translocations | 1 |  1.0
Transmutations | 1 |  1.0
Fire Magic     | 1 |  1.0
Ice Magic      | 1 |  1.0
Air Magic      | 1 |  1.0
Earth Magic    | 1 |  1.0
Poison Magic   | 1 |  1.0
Invocations    | 1 |  1.4
Evocations     | 1 |  1.2
Fighting       | |  6.6
Short Blades   | |  4.7
Dodging        | |  4.7

Action                   |  1- 3 |  4- 6 || total
-------------------------+-------+-------++-------
Melee: Short sword       |    10 |     8 ||    18
       Kick              |       |     1 ||     1
       Bite              |       |     1 ||     1
  Use: Scroll            |     2 |     1 ||     3
       Potion            |       |     3 ||     3
 Stab: Sleeping          |     3 |       ||     3
Armor: Leather armour    |     1 |     2 ||     3
Dodge: Dodged            |     3 |    10 ||    13
